 Dungeon Crawl Stone Soup version 0.31-a0-618-g7ca08c1ff9 (webtiles) character file.

Game seed: 1739248565676401572

398912 cforsyth the Gelid (level 23, -11/185 HPs)
             Began as a Gnoll Artificer on Aug 23, 2023.
             Was the Champion of Hepliaklqana.
             Killed by Lee's Rapid Deconstruction
             ... invoked by a deep elf elementalist
              (36 damage)
             ... on level 1 of the Elven Halls.
             The game lasted 02:17:02 (45019 turns).

cforsyth the Gelid (Gnoll Artificer)               Turns: 45019, Time: 02:17:03

Health: -11/185    AC: 34    Str: 10    XL:     23   Next: 26%
Magic:  51/51      EV: 21    Int: 26    God:    Hepliaklqana [******]
Gold:   5286       SH: 21    Dex: 17    Spells: 30/53 levels left

rFire   + + .        Q - +9 demon blade (freeze)
rCold   + + +        S - +2 shield of Resistance {rF++ rC++ Will++}
rNeg    + + +        o - melded +1 ring mail of Compression {rN+ Regen+}
rPois   ∞            z - +2 helmet {Int+3}
rElec   +            Y - +2 cloak {rC+}
rCorr   +            H - melded +1 pair of gloves {Str+3}
SInv    +            w - melded +2 pair of boots {Stlth+}
Will    +++..        A - amulet "Ismigada" {Reflect rPois Regen+ rCorr SH+5}
Stlth   ++++++       q - ring of Activism {rN++ Will- MP+9 Slay+4}
HPRegen 1.30/turn    T - ring "Raetim" {Fly Will+}
MPRegen 0.32/turn

%: reflection
@: about to teleport, statue-form, flying, studying 2 skills, very slow
A: slow and powerful, torment resistance 1, boosted hp, reduced essence, fangs
1, strong nose, distributed training, see invisible, agile 1, clever 1, cold
resistance 1
}: 2/15 runes: serpentine, barnacled
a: Begin Untransformation, Renounce Religion, Recall Ancestor, Ancestor
Identity, Transference, Idealise


You were on level 1 of the Elven Halls.
You worshipped Hepliaklqana.
Hepliaklqana was exalted by your worship.
You were a living statue of rough stone.
You visited 8 branches of the dungeon, and saw 36 of its levels.
You also visited: Sewer, Gauntlet, Ice Cave, Wizlab and Desolation.

You collected 7351 gold pieces.
You spent 2065 gold pieces at shops.

Inventory:

Hand Weapons
 J - the +8 long sword "Faorph" {flame, rF+}
   (You bought it in a shop on level 2 of the Orcish Mines)

   rF+:       It protects you from fire.
 Q - a +9 demon blade of freezing (weapon)
Missiles
 R - 13 atropa-tipped darts
 X - 9 silver javelins
Armour
 o - the +1 ring mail of Compression (melded) {rN+ Regen+}
   (You found it on level 2 of the Dungeon)

   rN+:       It protects you from negative energy.
   Regen+:    It increases your rate of health regeneration.
 w - a +2 pair of boots of stealth (melded)
 z - a +2 helmet of intelligence (worn)
 H - a +1 pair of gloves of strength (melded)
 S - the +2 shield of Resistance (worn) {rF++ rC++ Will++}
   (You bought it in a shop on level 8 of the Dungeon)

   rF++:      It greatly protects you from fire.
   rC++:      It greatly protects you from cold.
   Will++:    It greatly increases your willpower.
 Y - a +2 cloak of cold resistance (worn)
Jewellery
 i - the ring of Koeto {rF+ rN+ SInv}
   (You found it in the Desolation of Salt)

   [ring of protection from fire]

   rF+:       It protects you from fire.
   rN+:       It protects you from negative energy.
   SInv:      It lets you see invisible.
 q - the ring of Activism (left fist) {rN++ Will- MP+9 Slay+4}
   (You found it on level 3 of the Lair of Beasts)

   [ring of magical power]

   Slay+4:    It affects your accuracy & damage with ranged weapons and melee
   (+4).
   rN++:      It greatly protects you from negative energy.
   Will-:     It decreases your willpower.
   MP+9:      It affects your magic capacity (+9).
 x - the ring of Systre {Wiz rF+ Str+3}
   (You found it in a Gauntlet)

   [ring of wizardry]

   Wiz:       It improves your spell success rate.
   Str+3:     It affects your strength (+3).
   rF+:       It protects you from fire.
 A - the amulet "Ismigada" (around neck) {Reflect rPois Regen+ rCorr SH+5}
   (You acquired it on level 5 of the Dungeon)

   [amulet of reflection]

   Reflect:   It reflects blocked missile attacks.
   rPois:     It protects you from poison Regen+: It increases your rate of
   health regeneration.
   rCorr:     It protects you from acid and corrosion.
   SH+5:      It affects your SH (+5).
 M - the ring of Buuntig {+Blink rPois rF+ rC+ Will+}
   (You found it in the Desolation of Salt)

   [ring of protection from fire]

   rF+:       It protects you from fire.
   rC+:       It protects you from cold.
   rPois:     It protects you from poison Will+: It increases your willpower.
   +Blink:    It lets you blink.
 T - the ring "Raetim" (right fist) {Fly Will+}
   (You found it on level 3 of the Snake Pit)

   [ring of flight]

   Will+:     It increases your willpower.
   Fly:       It grants you flight.
Talismans
 u - a granite talisman (active)
Wands
 b - a wand of acid (23)
 c - a wand of flame (47) (quivered)
 d - a wand of charming (68)
 k - a wand of polymorph (3)
 n - a wand of roots (18)
 N - a wand of mindburst (6)
 W - a wand of digging (8)
Scrolls
 a - 2 scrolls of enchant weapon
 f - 2 scrolls of fear
 h - 6 scrolls of revelation
 l - 5 scrolls of fog
 y - 11 scrolls of poison
 B - 8 scrolls of enchant armour
 F - 11 scrolls of teleportation
 G - 4 scrolls of silence
 K - 12 scrolls of identify
 V - 2 scrolls of blinking
 Z - a scroll of amnesia
Potions
 e - 2 potions of cancellation
 g - 6 potions of mutation
 j - 8 potions of curing
 m - 5 potions of berserk rage
 p - 5 potions of brilliance
 r - 4 potions of enlightenment
 s - 4 potions of haste
 t - 7 potions of magic
 v - 4 potions of ambrosia
 C - a potion of resistance
 E - 12 potions of heal wounds
 I - a potion of invisibility
 L - 6 potions of might
 U - 2 potions of lignification
Miscellaneous
 D - a lightning rod (4/4)
 O - a phial of floods
 P - a sack of spiders


   Skills:
 + Level 16.0 Fighting
 + Level 15.8 Short Blades
 + Level 15.8 Long Blades
 + Level 15.8 Axes
 + Level 15.8 Maces & Flails
 + Level 15.8 Polearms
 + Level 15.8 Staves
 + Level 15.8 Ranged Weapons
 + Level 15.8 Throwing
 + Level 17.1 Armour
 + Level 16.0 Dodging
 + Level 16.0 Stealth
 + Level 15.8 Shields
 + Level 15.8 Unarmed Combat
 + Level 15.8 Spellcasting
 + Level 13.4 Conjurations
 + Level 13.4 Hexes
 + Level 13.4 Summonings
 + Level 13.4 Necromancy
 + Level 13.4 Translocations
 + Level 13.4 Transmutations
 + Level 13.4 Fire Magic
 + Level 17.5 Ice Magic
 + Level 13.4 Air Magic
 + Level 13.4 Earth Magic
 + Level 13.4 Poison Magic
 + Level 17.1 Invocations
 + Level 17.0 Evocations
 + Level 14.6 Shapeshifting


You had 30 spell levels left.
You knew the following spells:

 Your Spells              Type           Power      Damage    Failure   Level
a - Tukima's Dance        Hex            74%        N/A       1%          3
b - Borgnjor's Vile Clut  Necr/Erth      37%        N/A       1%          5
c - Lee's Rapid Deconstr  Erth           37%        3d18*     1%          5
d - Irradiate             Conj/Tmut      37%        3d24      1%          5
e - Yara's Violent Unrav  Hex/Tmut       37%        3d15      1%          5

Your spell library contained the following spells:

 Spells                   Type           Power      Damage    Failure   Level
 Ensorcelled Hibernation  Hex/Ice        100%       N/A       0%          2
 Frozen Ramparts          Ice            100%       1d16      0%          3
 Ozocubu's Armour         Ice            84%        N/A       0%          3
 Apportation              Tloc           100%       N/A       1%          1
 Kiss of Death            Conj/Necr      100%       2d13      1%          1
 Magic Dart               Conj           100%       1d8       1%          1
 Necrotise                Necr           100%       1d9       1%          1
 Shock                    Conj/Air       100%       1d9       1%          1
 Slow                     Hex            100%       N/A       1%          1
 Summon Small Mammal      Summ           100%       N/A       1%          1
 Call Imp                 Summ           100%       N/A       1%          2
 Lesser Beckoning         Tloc           100%       N/A       1%          2
 Momentum Strike          Conj/Tloc      100%       3d10      1%          2
 Poisonous Vapours        Pois/Air       100%       N/A       1%          2
 Scorch                   Fire           100%       2d9       1%          2
 Searing Ray              Conj           100%       2d8       1%          2
 Wereblood                Tmut           74%        N/A       1%          2
 Confusing Touch          Hex            74%        N/A       1%          3
 Dazzling Flash           Conj/Hex       100%       N/A       1%          3
 Gell's Gravitas          Tloc           74%        N/A       1%          3
 Hailstorm                Conj/Ice       79%        3d16      1%          3
 Inner Flame              Hex/Fire       74%        N/A       1%          3
 Mephitic Cloud           Conj/Pois/Air  74%        N/A       1%          3
 Swiftness                Air            74%        N/A       1%          3
 Teleport Other           Tloc           74%        N/A       1%          3
 Vampiric Draining        Necr           74%        2d11      1%          3
 Volatile Blastmotes      Fire/Tloc      100%       2d18      1%          3
 Airstrike                Air            37%        2d(6-22)  1%          4
 Animate Armour           Summ/Erth      100%       N/A       1%          4
 Animate Dead             Necr           74%        N/A       1%          4
 Dispel Undead            Necr           74%        3d25      1%          4
 Flame Wave               Conj/Fire      74%        2d16      1%          4
 Fulminant Prism          Conj/Hex       37%        3d17      1%          4
 Iskenderun's Mystic Bla  Conj/Tloc      74%        2d15      1%          4
 Passage of Golubria      Tloc           74%        N/A       1%          4
 Petrify                  Tmut/Erth      74%        N/A       1%          4
 Summon Ice Beast         Ice/Summ       79%        N/A       1%          4
 Summon Lightning Spire   Summ/Air       74%        N/A       1%          4
 Agony                    Necr           74%        N/A       1%          5
 Iskenderun's Battlesphe  Conj           74%        2d12      1%          5
 Metabolic Englaciation   Hex/Ice        39%        N/A       1%          5
 Simulacrum               Ice/Necr       39%        N/A       1%          6
 Conjure Ball Lightning   Conj/Air       37%        3x3d12    3%          6
 Death Channel            Necr           37%        N/A       3%          6
 Dispersal                Tloc           37%        N/A       3%          6
 Leda's Unmaking          Conj/Erth      37%        9d6       3%          6
 Starburst                Conj/Fire      37%        6d11      3%          6
 Summon Cactus Giant      Summ           37%        N/A       3%          6
 Enfeeble                 Hex            37%        N/A       17%         7
 Haunt                    Necr/Summ      37%        N/A       17%         7
 Monstrous Menagerie      Summ           37%        N/A       17%         7
 Spellforged Servitor     Conj/Summ      37%        N/A       17%         7
 Summon Hydra             Summ           37%        N/A       17%         7
 Borgnjor's Revivificati  Necr           37%        N/A       78%         8
 Discord                  Hex            37%        N/A       78%         8
 Infestation              Necr           37%        N/A       78%         8
 Maxwell's Capacitive Co  Air            37%        ∞         78%         8
 Chain Lightning          Conj/Air       37%        3d49      100%        9
 Death's Door             Necr           37%        N/A       100%        9
 Sublimation of Blood     Necr           Unusable   N/A       N/A         2

Dungeon Overview and Level Annotations

Branches:
Dungeon (15/15)            Temple (0/1) D:4            Lair (5/5) D:11
 Shoals (4/4) Lair:3        Snake (4/4) Lair:3        Slime (0/5) Lair:5
    Orc (2/2) D:9             Elf (1/3) Orc:2        Vaults (4/5) D:13
  Crypt (1/3) Vaults:2     Depths (0/4) D:15          Sewer (visited)
  IceCv (visited)          WizLab (visited)         Desolation (visited)
Gauntlet (visited)

Altars:
Dithmenos
Gozag
Hepliaklqana
Kikubaaqudgha
Makhleb
Nemelex Xobeh
Trog
Uskayaw
Vehumet
Wu Jian
Yredelemnul
The Shining One
Jiyva

Shops:
D:5 [   D:6 *   D:7 [=:*   D:8 [*(*!   D:10 :   Orc:2 *(**   Shoals:1 *
Shoals:4 *   Vaults:1 (   Vaults:3 :*((

Portals:
Hell: Lair:5
Trove: Vaults:3 (give +3 gold dragon scales)


Innate Abilities, Weirdness & Mutations

You are a living statue of rough stone.
Your actions are slow, but your melee attacks are powerful.
You are resistant to unholy torment.
Your maximum health is increased.
Your equipment is partially melded.
Your life essence is reduced to manifest your ancestor. (-10% HP)
You are immune to poison.
You have very sharp teeth.
Your uncanny sense of smell can sniff out nearby items.
Your experience applies equally to all skills.
You have supernaturally acute eyesight. (SInv)
You are agile. (Dex +4, Str/Int -1)
Your mind is acute. (Int +4, Str/Dex -1)
Your flesh is cold resistant. (rC+)


Message History

You are too injured to fight recklessly!
You are too injured to fight recklessly!
Blink to where?
Press: ? - help, Dir - move target
As you read the scroll of blinking, it crumbles to dust.
The air elemental fires a burst of electricity at you.
The stunning burst hits you. You resist.
Unknown command.
Cast which spell? (? or * to list)
You can't see any susceptible monsters within range! (Use Z to cast anyway.)
You reach down and close the door.
A deep elf zephyrmancer comes into view.
It is wielding a +0 short sword.
Things that are here:
a +0 long sword; a +0 leather armour The deep elf zephyrmancer mumbles some strange words.
The deep elf zephyrmancer blinks!
The deep elf zephyrmancer casts a spell at you.
The bolt of lightning hits you! You resist.
A deep elf elementalist breaks down the door.
The deep elf elementalist points at you and mumbles some strange words.
The fireball explodes!
The fireball engulfs you. You resist.
The deep elf elementalist gestures at you while chanting.
The deep elf zephyrmancer gestures at you while chanting.
The bolt of lightning misses you.
As you read the scroll of teleportation, it crumbles to dust.
You feel strangely unstable.
You are engulfed in freezing vapours.
You resist.
The deep elf zephyrmancer points at you and mumbles some strange words.
The bolt of lightning misses you.
The deep elf elementalist casts a spell at you.
You shatter!!!
* * * LOW HITPOINT WARNING * * *
You feel much better.
The air elemental fires a burst of electricity at you.
The stunning burst misses you.
The deep elf zephyrmancer casts a spell at you.
The bolt of lightning hits you! You resist.
* * * LOW HITPOINT WARNING * * *
The deep elf elementalist casts a spell at you.
You shatter!!!
You die...

.....%.## #.#
###.......
......## #.#
#.E......# .....##
#.# ##.#.._...#
..####
#'#####.##......#
'###
##...##.###.....##
...# ##○....'##
####### ##.##
#.°.E...# #..##
#.°○°e..+ ##..##
#.8○○...# ##..##
##'.....## ##..#
##.##...#+ ##.###
##.#######
#)..###e##
###.##.## #...'##
##...## ##.....#


You could see a deep elf elementalist (fast, empowered, repels missiles), a deep
elf zephyrmancer and an air elemental.

Vanquished Creatures
  Mara (Snake:4)
  Asterion (Vaults:1)
  A sphinx (Vaults:4)
  Polyphemus (Shoals:4)
  2 tengu reavers
  5 nagarajas
  9 vault wardens
  An imperial myrmidon (Desolation)
  3 ghouls (Crypt:1)
  3 war gargoyles
  2 stone giants
  5 ironbound thunderhulks
  15 ironbound preservers
  A formless jellyfish (Vaults:4)
  15 dire elephants
  A minotaur (Gauntlet)
  5 purple draconians (WizLab)
  An eidolon (Crypt:1)
  5 statues (WizLab)
  5 merfolk impalers
  2 green deaths (Snake:3)
  4 crystal guardians
  2 fire dragons
  2 merfolk javelineers
  4 yaktaur captains
  8 ragged hierophants (Desolation)
  3 entropy weavers
  A deep elf high priest (Vaults:3)
  6 hydras
  6 servants of whispers (Desolation)
  3 great orbs of eyes
  7 peacekeepers
  4 vault guards
  Harold (Lair:2)
  A catoblepas (Shoals:4)
  An ice dragon (Shoals:3)
  2 merfolk avatars
  A spriggan skeleton (Crypt:1)
  4 boulder beetles
  15 centaur warriors
  9 anacondas
  2 dancing weapons (Elf:1)
  3 death knights
  A satyr (Shoals:4)
  3 merfolk aquamancers
  A two-headed ogre (D:10)
  An alligator snapping turtle (Shoals:2)
  A tengu warrior (D:14)
  7 ironbound frosthearts
  3 vampire magi
  A death yak (Shoals:4)
  An orc high priest (Orc:2)
  11 naga warriors
  A deep troll earth mage (Vaults:2)
  5 shock serpents
  8 naga sharpshooters
  A sun demon (Lair:5)
  Urug (D:10)
  6 skysharks
  5 skeletal warriors
  A shadow wraith (Vaults:2)
  57 deep trolls
  4 salamander mystics (Snake:4)
  A flayed ghost (Crypt:1)
  9 sea snakes
  An obsidian statue (D:10)
  9 naga ritualists
  A tengu zombie (Vaults:4)
  2 bog bodies (Crypt:1)
  19 ironbound convokers
  9 lindwurms
  8 harpies
  4 necromancers
  4 phantasmal warriors (Crypt:1)
  5 wizards
  2 orc knights
  3 deep elf pyromancers
  11 mana vipers
  2 orc sorcerers (Orc:1)
  13 ugly things
  4 fauns
  3 deep elf zephyrmancers (Elf:1)
  5 cyclopes
  9 manticores
  A fire giant zombie (D:15)
  10 salamanders
  24 black mambas
  4 elephants
  15 vault sentinels
  30 slime creatures
  A stone giant skeleton (Crypt:1)
  8 merfolk sirens
  14 guardian serpents
  A smoke demon (Gauntlet)
  5 water nymphs
  6 cane toads
  8 naga magi
  An orange demon (Lair:5)
  A yaktaur zombie (Vaults:4)
  4 komodo dragons
  Jeremiah (D:7)
  A dire elephant skeleton (Crypt:1)
  2 naga skeletons (Crypt:1)
  3 rime drakes
  Psyche (D:8)
  2 unseen horrors
  A komodo dragon (shapeshifter) (D:15)
  A yaktaur (shapeshifter) (D:14)
  An efreet (D:14)
  2 ice devils (IceCv)
  3 freezing wraiths
  5 tengu conjurers (WizLab)
  13 yaktaurs
  17 merfolk
  4 trolls
  A wolf spider simulacrum (Gauntlet)
  9 blink frogs
  2 polar bears
  4 wind drakes
  Prince Ribbit (D:8)
  41 saltlings (Desolation)
  A battlemage (WizLab)
  6 dream sheep (Lair:5)
  3 snapping turtles
  7 wraiths
  A centaur simulacrum (Gauntlet)
  17 yaks
  An ettin skeleton (Vaults:4)
  7 water elementals
  2 wyverns
  A basilisk (D:11)
  A fire elemental (D:15)
  3 redbacks
  4 vampire mosquitoes
  A redback simulacrum (Gauntlet)
  A demonspawn zombie (Crypt:1)
  A harpy simulacrum (Gauntlet)
  26 nagas
  An acid dragon (D:8)
  5 hell hounds
  4 hydra simulacra (IceCv)
  5 water moccasins
  2 tengu skeletons
  A meliai simulacrum (Gauntlet)
  7 orc warriors
  A swamp drake (D:11)
  A sky beast (D:3)
  An ice beast (D:6)
  3 ogres
  A boggart (D:15)
  5 wolves
  An ettin simulacrum (Vaults:1)
  3 centaurs
  A phantom (D:6)
  4 bullfrogs
  A necrophage (Crypt:1)
  3 kobold brigands
  8 wights
  4 scorpions
  A shapeshifter zombie (Crypt:1)
  4 killer bees
  3 electric eels
  A jelly (D:6)
  A gnoll bouda (D:7)
  6 orc priests
  5 hounds
  An iguana (D:5)
  13 orc wizards
  A spriggan simulacrum (IceCv)
  3 adders
  A shadow imp (D:6)
  A worm (shapeshifter) (Vaults:1)
  A dart slug (D:4)
  45 orcs
  6 bats
  14 endoplasms
  4 giant cockroaches
  4 goblins
  5 hobgoblins
  8 jackals
  16 kobolds
  7 quokkas
  7 ball pythons
  5 frilled lizards
  4 rats
976 creatures vanquished.

Vanquished Creatures (collateral kills)
  Norris (Vaults:1)
  Rupert (Lair:4)
  A shard shrike skeleton (Crypt:1)
  Frances (Shoals:1)
  A sphinx (Vaults:3)
  Aizul (Snake:3)
  Ilsuiw (Shoals:2)
  2 draconian knights (WizLab)
  A nagaraja (Snake:4)
  4 vault wardens
  Louise (D:14)
  A curse skull (Crypt:1)
  A war gargoyle (Vaults:1)
  A ghoul (Crypt:1)
  A reaper (IceCv)
  7 ironbound preservers
  3 ironbound thunderhulks
  5 purple draconians (WizLab)
  5 dire elephants
  Snorg (Lair:4)
  4 statues (WizLab)
  A merfolk javelineer (Shoals:3)
  3 yaktaur captains
  5 merfolk impalers (Shoals:4)
  A rakshasa (D:14)
  6 servants of whispers (Desolation)
  A ragged hierophant (Desolation)
  3 vault guards
  7 hydras
  A catoblepas (Lair:5)
  8 peacekeepers
  3 anacondas
  2 merfolk aquamancers (Shoals:4)
  A boulder beetle (D:13)
  A death knight (Crypt:1)
  Erica (Orc:1)
  3 alligator snapping turtles
  6 centaur warriors
  2 tengu warriors (D:13)
  2 two-headed ogres
  9 naga warriors
  3 satyrs (Shoals:3)
  The ghost of justen the Mimic, a novice DsSh of Wu Jian (D:9)
  A vampire mage (Crypt:1)
  A dancing weapon (Elf:1)
  7 death yaks
  3 shock serpents
  A soul eater (Crypt:1)
  4 naga sharpshooters
  A deep elf knight (Elf:1)
  A fire crab (shapeshifter) (D:14)
  4 skysharks
  4 skeletal warriors
  A glowing orange brain (Vaults:3)
  The ghost of javelincjr the Summoner, a novice GnSu of Sif Muna (D:7)
  20 deep trolls
  5 sea snakes
  4 lindwurms
  A bog body (Crypt:1)
  3 phantasmal warriors
  3 naga ritualists
  3 wizards
  Pikel (D:7)
  A necromancer (Vaults:4)
  9 ironbound convokers
  11 harpies
  An orc knight (Orc:1)
  3 deep elf pyromancers
  3 mana vipers
  3 orc sorcerers (Orc:2)
  A stone giant zombie (D:15)
  2 salamanders
  2 oklob plants
  3 fauns
  10 manticores
  3 ugly things
  A human skeleton (Vaults:1)
  2 ice statues (IceCv)
  2 cyclopes
  Joseph (D:8)
  6 guardian serpents
  3 elephants
  3 merfolk sirens
  5 vault sentinels
  4 water nymphs
  11 black mambas
  2 orange demons (Lair:5)
  11 naga magi
  A smoke demon (Lair:5)
  8 cane toads
  A human zombie (Vaults:1)
  A gargoyle (D:12)
  A hellion (Gauntlet)
  An efreet (D:13)
  10 tengu conjurers
  7 ice devils
  A freezing wraith (Crypt:1)
  9 komodo dragons
  2 kobold demonologists
  8 yaktaurs
  An alligator snapping turtle skeleton (Crypt:1)
  An anaconda simulacrum (IceCv)
  A red devil (Lair:5)
  16 merfolk
  A wind drake (Shoals:4)
  6 trolls
  A polar bear (Lair:5)
  46 saltlings
  7 dream sheep
  5 blink frogs
  A spriggan zombie (D:15)
  4 snapping turtles
  16 slime creatures
  A centaur simulacrum (D:14)
  A vampire (D:13)
  3 water elementals
  2 wraiths
  A shadow (D:9)
  3 dire elephant simulacra (IceCv)
  A wyvern (D:11)
  3 basilisks
  16 yaks
  A hog (shapeshifter) (D:13)
  3 vampire mosquitoes (D:13)
  3 redbacks
  Edmund (D:5)
  2 harpy simulacra (IceCv)
  18 nagas
  2 wargs (Orc:2)
  A hell hound (Lair:5)
  A hydra simulacrum (Crypt:1)
  5 water moccasins
  11 orc warriors
  A black bear (Lair:4)
  An ice beast (D:7)
  An ogre (D:15)
  2 boggarts (D:15)
  3 wolves (Lair:1)
  3 centaurs
  A swamp dragon skeleton (Crypt:1)
  A lemure (D:7)
  A kobold brigand (D:10)
  6 bullfrogs
  A gnoll sergeant (D:9)
  A two-headed ogre simulacrum (IceCv)
  6 wights (D:7)
  9 killer bees
  2 howler monkeys
  2 electric eels (Lair:4)
  A crimson imp (D:8)
  10 orc priests
  19 orc wizards
  A scorpion zombie (Crypt:1)
  A spriggan simulacrum (IceCv)
  A wolf simulacrum (IceCv)
  3 gnolls (D:7)
  3 adders
  A shadow imp (D:7)
  4 white imps
  2 ufetubi
  2 worms (D:5)
  2 dart slugs (D:5)
  26 orcs
  An endoplasm (Sewer)
  6 giant cockroaches (Sewer)
  3 quokkas (Sewer)
  5 ball pythons
  A ball python skeleton (Crypt:1)
  A bat (D:5)
  3 frilled lizards (Sewer)
  A goblin skeleton (Crypt:1)
  10 kobolds
669 creatures vanquished.

Vanquished Creatures (others)
  A peacekeeper (Desolation)
  A naga warrior (Snake:2)
  A naga ritualist (Snake:4)
  A naga mage (Snake:4)
  A cane toad (Lair:4)
  A dancing weapon (D:14)
  An orc priest (Orc:2)
  4 orc wizards
  An ancestor (D:6)
  65 battlemagi
  An orc (D:6)
  A kobold (D:10)
79 creatures vanquished.

Grand Total: 1724 creatures vanquished

Notes
Turn   | Place    | Note
-------+----------+-------------------------------------------
     0 | D:1      | cforsyth the Gnoll Artificer began the quest for the Orb.
     0 | D:1      | Reached XP level 1. HP: 17/17 MP: 1/1
   157 | D:1      | Reached XP level 2. HP: 15/23 MP: 2/2
   330 | D:1      | Found a faded altar of an unknown god.
   730 | D:1      | Reached XP level 3. HP: 4/28 MP: 3/3
  1398 | D:1      | HP: 1/28 [jackal (1)]
  1700 | D:2      | Reached skill level 1 in Invocations
  1803 | D:2      | Identified the +1 ring mail of Compression {rN+ Regen+}
  2143 | D:3      | Found a hazy altar of Hepliaklqana.
  2158 | D:3      | Became a worshipper of Hepliaklqana the Forgotten
  2167 | D:3      | Reached skill level 1 in Short Blades
  2167 | D:3      | Reached skill level 1 in Long Blades
  2167 | D:3      | Reached skill level 1 in Axes
  2167 | D:3      | Reached skill level 1 in Maces & Flails
  2167 | D:3      | Reached skill level 1 in Polearms
  2167 | D:3      | Reached skill level 1 in Staves
  2167 | D:3      | Reached skill level 1 in Ranged Weapons
  2167 | D:3      | Reached skill level 1 in Throwing
  2167 | D:3      | Reached skill level 1 in Shields
  2167 | D:3      | Reached skill level 1 in Unarmed Combat
  2167 | D:3      | Reached skill level 1 in Spellcasting
  2380 | D:3      | Noticed a sky beast
  2386 | D:3      | Killed a sky beast
  2387 | D:3      | Reached skill level 1 in Conjurations
  2387 | D:3      | Reached skill level 1 in Hexes
  2387 | D:3      | Reached skill level 1 in Summonings
  2387 | D:3      | Reached skill level 1 in Necromancy
  2387 | D:3      | Reached skill level 1 in Translocations
  2387 | D:3      | Reached skill level 1 in Transmutations
  2387 | D:3      | Reached skill level 1 in Fire Magic
  2387 | D:3      | Reached skill level 1 in Ice Magic
  2387 | D:3      | Reached skill level 1 in Air Magic
  2387 | D:3      | Reached skill level 1 in Earth Magic
  2387 | D:3      | Reached skill level 1 in Poison Magic
  2387 | D:3      | Reached skill level 1 in Shapeshifting
  2387 | D:3      | Reached XP level 4. HP: 18/35 MP: 4/6
  2387 | D:3      | Reached XP level 5. HP: 21/41 MP: 4/7
  2836 | D:3      | Got the Volume of Conflagrant Configuration
  3011 | D:4      | Reached XP level 6. HP: 13/47 MP: 8/8
  3093 | D:4      | Found an ornate altar of the Wu Jian Council.
  3093 | D:4      | Found a basalt altar of Yredelemnul.
  3130 | D:4      | Reached skill level 5 in Armour
  3352 | D:4      | Found a staircase to the Ecumenical Temple.
  3373 | D:4      | Found an ancient bone altar of Kikubaaqudgha.
  3386 | D:4      | Reached * piety under Hepliaklqana
  3618 | D:5      | Entered Level 5 of the Dungeon
  3629 | D:5      | Identified a scroll of acquirement
  3629 | D:5      | Acquired the amulet "Ismigada" {Reflect rPois Regen+ rCorr
                  | SH+5}
  3679 | D:5      | Reached XP level 7. HP: 38/46 MP: 10/10
  3682 | D:5      | Found a radiant altar of Vehumet.
  3744 | D:5      | Found a glowing drain.
  3765 | Sewer    | Entered a sewer
  4106 | D:5      | Found a bloodstained altar of Trog.
  4231 | D:5      | Found Vingyace's Armour Boutique.
  4247 | D:5      | Noticed Edmund
  4252 | D:5      | Killed Edmund
  4253 | D:5      | Reached XP level 8. HP: 27/54 MP: 12/12
  4720 | D:6      | Identified the +1 trident of Bodily Humours {spect, +Blink
                  | rElec rN+ Stlth-}
  4868 | D:6      | Reached ** piety under Hepliaklqana
  4869 | D:6      | Remembered your ancestor Mira as a battlemage
  5024 | D:6      | Found Xoisoixt's Assorted Antiques.
  5176 | D:7      | Found Kisaon's Antique Armour Shop.
  5183 | D:7      | Bought a brightly glowing ring mail for 180 gold pieces
  5183 | D:7      | Identified the +2 ring mail of Cheibriados {Regen+} (You
                  | bought it in a shop on level 7 of the Dungeon)
  5349 | D:7      | Reached XP level 9. HP: 51/58 MP: 14/14
  5413 | D:7      | Found Gimadif's Jewellery Shop.
  5464 | D:7      | Found Wouw's Assorted Antiques.
  5504 | D:7      | Bought a scroll labelled NERCHU TIASA for 23 gold pieces
  5504 | D:7      | Bought a pair of runed gloves for 172 gold pieces
  5584 | D:7      | Found a hide-covered altar of Uskayaw.
  5597 | D:7      | Identified the +7 hand axe of Qodat {antimagic, Int+2
                  | Dex+3}
  5740 | D:7      | Found a runed translucent door.
  5742 | D:7      | Noticed a cyclops
  5742 | D:7      | Noticed javelincjr's ghost (novice GnSu)
  5874 | D:7      | Noticed Jeremiah
  5879 | D:7      | Killed Jeremiah
  5880 | D:7      | Reached skill level 5 in Fighting
  5880 | D:7      | Reached skill level 5 in Dodging
  5880 | D:7      | Reached skill level 5 in Stealth
  5930 | D:7      | Found Seor's Book Emporium.
  6207 | D:7      | Killed a cyclops
  6208 | D:7      | Reached skill level 5 in Invocations
  6344 | D:7      | Killed javelincjr's ghost
  6625 | D:8      | Found Ejenoc's Antique Weapon Shop.
  6657 | D:8      | Noticed Prince Ribbit
  6662 | D:8      | Reached XP level 10. HP: 67/67 MP: 5/17
  6666 | D:8      | Killed Prince Ribbit
  6667 | D:8      | Reached skill level 5 in Short Blades
  6667 | D:8      | Reached skill level 5 in Long Blades
  6667 | D:8      | Reached skill level 5 in Axes
  6667 | D:8      | Reached skill level 5 in Maces & Flails
  6667 | D:8      | Reached skill level 5 in Polearms
  6667 | D:8      | Reached skill level 5 in Staves
  6667 | D:8      | Reached skill level 5 in Ranged Weapons
  6667 | D:8      | Reached skill level 5 in Throwing
  6667 | D:8      | Reached skill level 5 in Shields
  6667 | D:8      | Reached skill level 5 in Unarmed Combat
  6667 | D:8      | Reached skill level 5 in Spellcasting
  6704 | D:8      | Noticed Joseph
  6706 | D:8      | Noticed Psyche
  6712 | D:8      | Killed Psyche
  6713 | D:8      | Killed Joseph
  6733 | D:8      | Noticed Pikel
  7327 | D:7      | Killed Pikel
  7393 | D:8      | Found Huasocau's General Store.
  7411 | D:8      | Found Womussul's Distillery.
  7539 | D:8      | Found a burning altar of Makhleb.
  7578 | D:8      | Reached skill level 5 in Shapeshifting
  7593 | D:8      | Found Odivat's Armour Emporium.
  7713 | D:8      | Found Dumijeh's Assorted Antiques.
  7898 | D:9      | Acquired 770 gold pieces
  7939 | D:8      | Bought the +2 shield of Resistance {rF++ rC++ Will++} for
                  | 846 gold pieces
  7939 | D:8      | Found the +2 shield of Resistance {rF++ rC++ Will++}
  8125 | D:9      | Found a staircase to the Orcish Mines.
  8363 | D:9      | Reached *** piety under Hepliaklqana
  8430 | D:9      | Found a runed translucent gate.
  8430 | D:9      | Found a runed translucent gate.
  8430 | D:9      | Found a runed translucent gate.
  8597 | D:9      | Noticed a four-headed hydra
  8611 | D:9      | Killed a seven-headed hydra
  8612 | D:9      | Reached skill level 5 in Conjurations
  8612 | D:9      | Reached skill level 5 in Hexes
  8612 | D:9      | Reached skill level 5 in Summonings
  8612 | D:9      | Reached skill level 5 in Necromancy
  8612 | D:9      | Reached skill level 5 in Translocations
  8612 | D:9      | Reached skill level 5 in Transmutations
  8612 | D:9      | Reached skill level 5 in Fire Magic
  8612 | D:9      | Reached skill level 5 in Ice Magic
  8612 | D:9      | Reached skill level 5 in Air Magic
  8612 | D:9      | Reached skill level 5 in Earth Magic
  8612 | D:9      | Reached skill level 5 in Poison Magic
  8612 | D:9      | Reached XP level 11. HP: 30/74 MP: 6/20
  8642 | D:9      | Noticed a centaur warrior
  8666 | D:9      | Noticed a manticore
  8742 | D:9      | Killed a centaur warrior
  8745 | D:9      | Killed a manticore
  8828 | D:9      | Identified the +1 plate armour "Xyvich" {Rampage rF++}
  8926 | D:9      | Noticed justen's ghost (novice DsSh)
  8961 | D:10     | Entered Level 10 of the Dungeon
  8988 | D:10     | Noticed Urug
  9015 | D:10     | Killed Urug
  9151 | D:10     | Noticed an obsidian statue
  9161 | D:10     | Found Hineis's Book Boutique.
  9330 | D:10     | Found a shadowy altar of Dithmenos.
  9389 | D:10     | Found a glowing golden altar of the Shining One.
  9590 | D:10     | Noticed a sun demon
  9590 | D:10     | Killed an obsidian statue
  9621 | D:10     | Noticed a two-headed ogre
  9623 | D:10     | Noticed a cyclops
  9628 | D:10     | Killed a two-headed ogre
  9639 | D:10     | Killed a cyclops
  9651 | D:10     | Found a sparkling altar of Nemelex Xobeh.
  9752 | D:11     | Noticed a soul eater
  9989 | D:11     | Found a staircase to the Lair.
 10259 | D:11     | Reached **** piety under Hepliaklqana
 10264 | D:11     | Noticed a cyclops
 10272 | D:11     | Killed a cyclops
 10431 | D:11     | Reached XP level 12. HP: 81/81 MP: 7/22
 10594 | D:12     | Identified the +2 robe of the Soldier {rElec rN+ Int+4
                  | Slay+2}
 10717 | D:12     | Identified the scarf "Div Nynn" {shadows, rF+ Str+5}
 10770 | D:12     | Found a frozen archway.
 10894 | IceCv    | Entered an ice cave
 11442 | IceCv    | Reached skill level 10 in Evocations
 12019 | IceCv    | Noticed a reaper
 12033 | IceCv    | Killed a reaper
 12655 | D:13     | Noticed a tengu warrior
 12656 | D:13     | Noticed a tengu warrior
 12791 | D:13     | Noticed a centaur warrior
 12808 | D:13     | Killed a centaur warrior
 12809 | D:13     | Reached XP level 13. HP: 89/89 MP: 7/25
 12923 | Lair:1   | Entered Level 1 of the Lair of Beasts
 12994 | Lair:1   | Learned a level 3 spell: Tukima's Dance
 13706 | Lair:2   | Reached ***** piety under Hepliaklqana
 14190 | Lair:2   | Noticed Harold
 14198 | Lair:2   | Killed Harold
 14199 | Lair:2   | Reached skill level 10 in Armour
 14687 | Lair:3   | Found a staircase to the Shoals.
 14942 | Lair:3   | Identified the ring of Activism {rN++ Will- MP+9 Slay+4}
 15004 | Lair:3   | Reached XP level 14. HP: 97/97 MP: 12/27
 15173 | Lair:3   | Found a staircase to the Snake Pit.
 15486 | Lair:3   | Reached skill level 10 in Invocations
 15719 | Lair:4   | Identified the +1 kite shield "Yhesk" {Will+ Slay+2 Stlth+}
 16054 | Lair:4   | Noticed Rupert
 16225 | Lair:5   | Entered Level 5 of the Lair of Beasts
 16257 | Lair:5   | Found a gate leading to a gauntlet.
 16291 | Gauntlet | Entered a Gauntlet
 16291 | Gauntlet | Found a transporter.
 16312 | Gauntlet | Found a transporter.
 16328 | Gauntlet | Found a transporter.
 16332 | Gauntlet | Found a transporter.
 16344 | Gauntlet | Found a transporter.
 16362 | Gauntlet | Found a transporter.
 16365 | Gauntlet | Found a transporter.
 16369 | Gauntlet | Found a transporter.
 16396 | Gauntlet | Found a transporter.
 16414 | Gauntlet | Found a transporter.
 16418 | Gauntlet | Found a transporter.
 16419 | Gauntlet | Found a runed translucent door.
 16429 | Gauntlet | Found a transporter.
 16741 | Gauntlet | Identified the ring of the Pharaoh's Fist {rCorr Dex+4}
 16882 | Gauntlet | Identified the ring of Systre {Wiz rF+ Str+3}
 17571 | Lair:5   | Found a viscous altar of Jiyva.
 17571 | Lair:5   | Found a staircase to the Slime Pits.
 17885 | Lair:5   | Reached skill level 10 in Fighting
 17885 | Lair:5   | Reached skill level 10 in Dodging
 17970 | Lair:5   | Reached skill level 10 in Stealth
 18435 | Lair:5   | Reached XP level 15. HP: 93/103 MP: 12/28
 18453 | Lair:5   | Learned a level 5 spell: Borgnjor's Vile Clutch
 18459 | Lair:5   | Learned a level 5 spell: Lee's Rapid Deconstruction
 18598 | Lair:5   | Learned a level 5 spell: Irradiate
 18648 | Lair:5   | Reached skill level 10 in Short Blades
 18648 | Lair:5   | Reached skill level 10 in Long Blades
 18648 | Lair:5   | Reached skill level 10 in Axes
 18648 | Lair:5   | Reached skill level 10 in Maces & Flails
 18648 | Lair:5   | Reached skill level 10 in Polearms
 18648 | Lair:5   | Reached skill level 10 in Staves
 18648 | Lair:5   | Reached skill level 10 in Ranged Weapons
 18648 | Lair:5   | Reached skill level 10 in Throwing
 18648 | Lair:5   | Reached skill level 10 in Shields
 18648 | Lair:5   | Reached skill level 10 in Unarmed Combat
 18648 | Lair:5   | Reached skill level 10 in Spellcasting
 18749 | Lair:5   | Found a burning altar of Makhleb.
 18817 | Lair:5   | Reached skill level 10 in Ice Magic
 18895 | Lair:5   | Found a gateway to Hell.
 19172 | Lair:4   | Reached ****** piety under Hepliaklqana
 19188 | Lair:4   | Noticed Snorg
 19198 | Lair:4   | Killed Snorg
 19406 | Lair:4   | Identified the +8 chain mail of Snakes and Ladders {Contam
                  | rF+ rCorr}
 19477 | Lair:4   | Killed Rupert
 19819 | Orc:1    | Entered Level 1 of the Orcish Mines
 20019 | Orc:2    | Entered Level 2 of the Orcish Mines
 20049 | Orc:2    | Found a staircase to the Elven Halls.
 20916 | Orc:1    | Noticed Erica
 20923 | Orc:1    | Killed Erica
 21231 | Orc:2    | Found Kuuso's Assorted Antiques.
 21234 | Orc:2    | Found Aqosun's Antique Weapon Boutique.
 21238 | Orc:2    | Found Vomylogu's Assorted Antiques.
 21242 | Orc:2    | Found Vosmunt's General Store.
 21642 | D:9      | Killed justen's ghost
 21674 | D:9      | Learned a level 5 spell: Yara's Violent Unravelling
 22133 | D:13     | Identified the amulet "Nomigh" {Faith Int+2}
 22153 | D:13     | Identified the +0 pair of gloves "Weal Hue" {Fly rF+ Int-4}
 22798 | D:13     | Found a gate to the Vaults.
 23022 | D:14     | Reached XP level 16. HP: 107/112 MP: 13/30
 23102 | D:14     | Noticed Louise
 23790 | D:14     | Reached skill level 10 in Shapeshifting
 23844 | D:14     | Found an opulent altar of Gozag.
 23970 | D:14     | Killed Louise
 24177 | D:15     | Entered Level 15 of the Dungeon
 24390 | D:15     | Found a staircase to the Depths.
 25267 | D:15     | Found a sparkling altar of Nemelex Xobeh.
 25512 | Snake:1  | Entered Level 1 of the Snake Pit
 26500 | Snake:2  | Noticed a nagaraja
 26511 | Snake:2  | Killed a nagaraja
 27112 | Orc:2    | Bought the +8 long sword "Faorph" {flame, rF+} for 844 gold
                  | pieces
 27531 | Snake:2  | Reached XP level 17. HP: 44/119 MP: 25/32
 28533 | Snake:3  | Reached skill level 10 in Conjurations
 28533 | Snake:3  | Reached skill level 10 in Hexes
 28533 | Snake:3  | Reached skill level 10 in Summonings
 28533 | Snake:3  | Reached skill level 10 in Necromancy
 28533 | Snake:3  | Reached skill level 10 in Translocations
 28533 | Snake:3  | Reached skill level 10 in Transmutations
 28533 | Snake:3  | Reached skill level 10 in Fire Magic
 28533 | Snake:3  | Reached skill level 10 in Air Magic
 28533 | Snake:3  | Reached skill level 10 in Earth Magic
 28533 | Snake:3  | Reached skill level 10 in Poison Magic
 28758 | Snake:3  | Acquired 878 gold pieces
 28881 | Snake:3  | Noticed Aizul
 28890 | Snake:3  | Killed Aizul
 28932 | Snake:3  | Identified the ring "Raetim" {Fly Will+}
 29061 | Snake:3  | Found a runed translucent door.
 29300 | Snake:4  | Entered Level 4 of the Snake Pit
 29570 | Snake:4  | Gained mutation: Your body sometimes deteriorates upon
                  | taking damage. [mutagenic glow]
 29969 | Snake:4  | Reached XP level 18. HP: 116/126 MP: 34/34
 30296 | Snake:4  | Noticed Mara
 30346 | Snake:4  | Noticed cforsyth's illusion
 30669 | Snake:4  | Killed Mara
 31237 | Snake:4  | Got a serpentine rune of Zot
 31386 | Shoals:1 | Entered Level 1 of the Shoals
 31452 | Shoals:1 | Noticed Frances
 31462 | Shoals:1 | Killed Frances
 31594 | Shoals:1 | Found Upsed's General Store.
 32146 | Shoals:2 | Acquired 1169 gold pieces
 32149 | Shoals:2 | Identified the +4 hand axe of Zaubbe {holy, rN+}
 32305 | Shoals:2 | Noticed Ilsuiw
 32318 | Shoals:2 | Killed Ilsuiw
 32501 | Shoals:2 | Identified the +4 kite shield of the Slimy God {Regen+
                  | SInv}
 33303 | Shoals:3 | Reached XP level 19. HP: 134/134 MP: 36/36
 33578 | Shoals:3 | Identified the +2 animal skin "Saamac" {Dex+5}
 33950 | Shoals:4 | Entered Level 4 of the Shoals
 33950 | Shoals:4 | Noticed Polyphemus
 33950 | Shoals:4 | Found Zysm's Assorted Antiques.
 34792 | Shoals:4 | Killed Polyphemus
 34944 | Shoals:4 | Got a barnacled rune of Zot
 35449 | Vaults:1 | Entered Level 1 of the Vaults
 35461 | Vaults:1 | Identified the +2 cloak of Batusuvo {*Corrode +Inv Dex+5}
 35489 | Vaults:1 | Found a crumbling gateway.
 35509 | Desolati | Entered the Desolation of Salt
 35684 | Desolati | Got the Exposition on Phantasms
 35704 | Desolati | Identified the ring of Koeto {rF+ rN+ SInv}
 35747 | Desolati | Identified the ring of the Snail {Ice Int+2 Slay+3}
 35757 | Desolati | Identified the ring of Buuntig {+Blink rPois rF+ rC+ Will+}
 35761 | Desolati | Identified the +4 hand axe of Tottef {flame, *Rage rC+
                  | Str+3 Dex+2}
 35796 | Desolati | Reached skill level 15 in Evocations
 35903 | Desolati | Identified the ring "Sesuleca" {+Blink rF+ rC+ Str-2 Dex+2}
 35960 | Desolati | Reached XP level 20. HP: 142/142 MP: 37/37
 36040 | Desolati | Identified the +6 scale mail "Hicrad" {rN+ Will- Str+6
                  | Stlth+}
 36046 | Desolati | Got the Handbook of Anemomancy
 36057 | Desolati | Found the +8 demon trident "Rift" {distort, reach+}
 36142 | Desolati | Got the Verses on the Mutable Wyrd
 36160 | Desolati | Reached skill level 15 in Ice Magic
 36178 | Desolati | Identified the amulet "Beostag" {Reflect rC+ Int+2 SH+5}
 36314 | Desolati | Reached skill level 15 in Invocations
 36391 | Desolati | Identified the +6 scale mail "Cumojuzu" {Stlth+}
 36856 | Vaults:1 | Found Hoqu's Weapon Emporium.
 37182 | Vaults:1 | Identified the +4 orcbow of Domination {elec, rC+}
 37215 | Vaults:1 | Noticed Asterion
 37223 | Vaults:1 | Noticed Norris
 37234 | Vaults:1 | Killed Asterion
 37280 | Vaults:1 | Killed Norris
 38044 | Vaults:1 | Reached skill level 15 in Armour
 38168 | Vaults:1 | Reached XP level 21. HP: 109/149 MP: 39/39
 39010 | Vaults:2 | Reached skill level 15 in Fighting
 39010 | Vaults:2 | Reached skill level 15 in Dodging
 39357 | Vaults:2 | Found a staircase to the Crypt.
 39421 | Vaults:3 | Reached skill level 15 in Stealth
 39427 | Vaults:3 | Found Vanalan's General Store.
 39430 | Vaults:3 | Gained mutation: Armour fits poorly on your strangely
                  | shaped body. [mutagenic glow]
 39499 | Vaults:3 | Found a magical portal.
 39533 | Vaults:3 | Found Wiunucil's Weapon Boutique.
 39659 | WizLab   | Entered Iskenderun's Mystic Tower
 40278 | WizLab   | Reached skill level 15 in Short Blades
 40278 | WizLab   | Reached skill level 15 in Long Blades
 40278 | WizLab   | Reached skill level 15 in Axes
 40278 | WizLab   | Reached skill level 15 in Maces & Flails
 40278 | WizLab   | Reached skill level 15 in Polearms
 40278 | WizLab   | Reached skill level 15 in Staves
 40278 | WizLab   | Reached skill level 15 in Ranged Weapons
 40278 | WizLab   | Reached skill level 15 in Throwing
 40278 | WizLab   | Reached skill level 15 in Shields
 40278 | WizLab   | Reached skill level 15 in Unarmed Combat
 40278 | WizLab   | Reached skill level 15 in Spellcasting
 40517 | WizLab   | Reached XP level 22. HP: 141/157 MP: 41/41
 40752 | WizLab   | Got Iskenderun's Almanac of the Bruised Wonders
 41020 | Vaults:3 | Found a portal to a secret trove of treasure.
 41115 | Vaults:3 | Found Tues's Antique Weapon Shop.
 41576 | Vaults:3 | Found Tunehom's Book Boutique.
 42670 | Vaults:4 | Gained mutation: You sometimes lose your temper in combat.
                  | [mutagenic glow]
 42730 | Vaults:4 | Lost mutation: Your body sometimes deteriorates upon taking
                  | damage. [potion of mutation]
 42730 | Vaults:4 | Lost mutation: Armour fits poorly on your strangely shaped
                  | body. [potion of mutation]
 42730 | Vaults:4 | Lost mutation: You sometimes lose your temper in combat.
                  | [potion of mutation]
 42730 | Vaults:4 | Gained mutation: Your flesh is cold resistant. (rC+)
                  | [potion of mutation]
 42730 | Vaults:4 | Gained mutation: You are agile. (Dex +4, Str/Int -1)
                  | [potion of mutation]
 42730 | Vaults:4 | Gained mutation: You have supernaturally acute eyesight.
                  | (SInv) [potion of mutation]
 42730 | Vaults:4 | Gained mutation: Your mind is acute. (Int +4, Str/Dex -1)
                  | [potion of mutation]
 43452 | Crypt:1  | Entered Level 1 of the Crypt
 43555 | Crypt:1  | Reached XP level 23. HP: 160/164 MP: 42/42
 44825 | Elf:1    | Entered Level 1 of the Elven Halls
 45008 | Elf:1    | Found a radiant altar of Vehumet.
 45011 | Elf:1    | Paralysed by an air elemental for 1 turns
 45018 | Elf:1    | HP: 9/185 [deep elf elementalist/Lee's Rapid Deconstruction
                  | (52)]
 45019 | Elf:1    | Killed from afar by a deep elf elementalist

Illustrated notes

Levels and vault maps discovered:
D:1:      saegor_arrival_fortress, layout_loops_ring,
          hellmonk_ecumenical_altar_prayer_group
D:2:      layout_rooms, item_on_display_a
D:3:      layout_loops_ring, old_standard_altar, columned_hall_lemuel,
          kennysheep_path_1, chequers_serial_rivers_marsh
D:4:      layout_rooms, mainiacjoe_overflow_boulevard,
          grunt_temple_overflow_open, minmay_temple_entry_junction
D:5:      layout_basic, nicolae_vehumet_radiance, lemuel_tele_altar,
          cheibrodos_sewer_entry_sluice, serial_shops, shop, uniq_edmund
D:6:      layout_loops_cross, serial_shops, nicolae_square_shop
D:7:      layout_basic, eat_drink_and_be_merry_uskayaw,
          ebering_ghost_inner_flame, serial_shops, shop, shop_coins, shop,
          nicolae_shop_tiny_glass, hangedman_decor_peaks_small, uniq_jeremiah
D:8:      layout_loops_ring, makhleb_grotto_becter, serial_shops, shop,
          nicolae_shop_pleasant_corner_grove, nicolae_shop_rolling_square, shop,
          nicolae_diamond_shop, uniq_psyche, uniq_joseph, uniq_prince_ribbit1,
          uniq_pikel
D:9:      layout_long_grid, orc_0_dummy, gammafunk_ghost_spectres,
          minmay_fractal_squares_gapless_7
D:10:     layout_rooms, marbit_many_paths, kennysheep_mini_moat,
          grunt_dithmenos_smoke, serial_shops, nicolae_book_shop_shelving,
          minmay_statue_bubble, uniq_urug
D:11:     layout_stronghold, erik_lair_dragon
D:12:     layout_roguey, portal_ice_cave_demonic_guard
D:13:     layout_irregular_city, david_vaults_5, minmay_lindwurm_lava
D:14:     layout_loops_ring, hangedman_decor_lopped, grunt_gozag_breadcrumbs,
          uniq_louise
D:15:     gammafunk_depths_entry_grave, layout_basic, special_room
          [special_room_orc], nemelex_diamond_rough_becter
Lair:1:   layout_misc_corridors, st_stairs_3, infiniplex_staircase_pool
Lair:2:   hellmonk_destroyed_diamonds, layout_loops_ring, grunt_megastairs_3,
          uniq_harold
Lair:3:   layout_cave_pods, elwin_shoals_entry_stream,
          guppyfry_snake_entry_garden, minmay_lair_oklob_items
Lair:4:   layout_gridlike, disabler_island, uniq_snorg, uniq_rupert
Lair:5:   evil_forest, layout_big_grid, slime_entry_1, gauntlet_entry_generic,
          nicolae_lair_yak_garden
Shoals:1: layout_shoals, serial_shops, shop, uniq_frances
Shoals:2: cheibrodos_shoals_epimethial_gifts, layout_shoals, uniq_ilsuiw
Shoals:3: argonaut_golden_fleece, layout_shoals
Shoals:4: shoals_end_hangedman, layout_shoals, serial_shops, shop,
          uniq_polyphemus
Snake:1:  layout_honeycomb
Snake:2:  layout_misc_corridors, grunt_megastairs_1
Snake:3:  cheibrodos_toxic_ritual, layout_onion_interference, uniq_aizul
Snake:4:  grunt_snake_rune_serpentine_throne, layout_basic, uniq_mara
Orc:1:    layout_diamond_mine, nicolae_orc_flooded_monolith, uniq_erica
Orc:2:    st_orc_mages, layout_caves
Elf:1:    minmay_elf_arrival_circle, layout_geoelf_diagonals, basic_altar,
          hangedman_elf_disciples, serial_sigils_hangedman_scratch,
          nicolae_elf_variegated_diamond
Vaults:1: portal_desolation_entry_salt, hangedman_vaults_stretched_pinwheel,
          nicolae_vaults_mush_room, v_misc_5, nicolae_vaults_network_square,
          nicolae_vaults_tangram_1, hangedman_vaults_corner,
          grunt_vaults_twisty, ontoclasm_vaults_gateway,
          nicolae_vaults_trapezoid_2, dpeg_vaults_monster_box,
          vaults_dpeg_emergency_exit, nicolae_vaults_diagonal_hallway_7,
          vaults_dpeg_ring, nicolae_vaults_rhombus_6, layout_vaults_ring,
          serial_shops, nicolae_shop_tiny_glass, uniq_asterion, uniq_norris
Vaults:2: vaults_room_hangedman_quadrants, ontoclasm_vaults_chip,
          nicolae_vaults_double_plus_2, v_misc_22, v_alt_pattern_6,
          blue_anna_dwarven_crypt, nicolae_vaults_storage_closets_2,
          vaults_room_semicircle, nicolae_vaults_tetromino_L_1, v_misc_4,
          v_misc_3, hangedman_vaults_maws, v_misc_16, layout_vaults_maze_bifur
Vaults:3: mu_enter_wizlab_4, ontoclasm_vaults_fault, v_misc_2,
          vaults_mumra_bighexcomb, nicolae_vaults_little_squares_3, v_misc_11,
          vaults_room_fours, nicolae_vaults_storage_closets_1,
          layout_vaults_quadrants, serial_shops, bzr_entry_safe,
          nicolae_book_shop_shelving, nicolae_shop_tiny_real_fake_doors,
          nicolae_shop_bloodbath_and_beyond, shop, nicolae_trove_entry_crystal
Vaults:4: hangedman_vaults_impose, nicolae_vaults_branching_niches, v_misc_2,
          ontoclasm_vaults_idyll, ontoclasm_vaults_shuriken, v_pattern_1,
          nicolae_vaults_network_quinsquares
          [nicolae_vaults_network_quincunx_subvault,
          nicolae_vaults_network_quincunx_subvault,
          nicolae_vaults_network_quincunx_subvault,
          nicolae_vaults_network_quincunx_subvault],
          nicolae_vaults_door_testing_chamber, nicolae_vaults_theta,
          nicolae_vaults_closet_pinwheel_1, v_misc_30, layout_vaults_omnibox
Crypt:1:  layout_regular_city, st_stairs_13, grunt_crypt_arrival_split

Skill      XL: |  1  2  3  4  5  6  7  8  9 10 11 12 13 14 15 16 17 18 19 20 21 22 23 |
---------------+----------------------------------------------------------------------+-----
Invocations    | 1 2 3 4 5 6 7 8 9 10 11 12 13 14 15 16 17 | 17.1
Short Blades   | 1 2 3 4 6 8 9 10 11 12 13 14 15 | 15.8
Long Blades    | 1 2 3 4 6 8 9 10 11 12 13 14 15 | 15.8
Axes           | 1 2 3 4 6 8 9 10 11 12 13 14 15 | 15.8
Maces & Flails | 1 2 3 4 6 8 9 10 11 12 13 14 15 | 15.8
Polearms       | 1 2 3 4 6 8 9 10 11 12 13 14 15 | 15.8
Staves         | 1 2 3 4 6 8 9 10 11 12 13 14 15 | 15.8
Ranged Weapons | 1 2 3 4 6 8 9 10 11 12 13 14 15 | 15.8
Throwing       | 1 2 3 4 6 8 9 10 11 12 13 14 15 | 15.8
Shields        | 1 2 3 4 6 8 9 10 11 12 13 14 15 | 15.8
Unarmed Combat | 1 2 3 4 6 8 9 10 11 12 13 14 15 | 15.8
Spellcasting   | 1 2 3 4 6 8 9 10 11 12 13 14 15 | 15.8
Fighting       | 3 4 5 6 7 8 9 10 11 12 13 14 15 16 | 16.0
Dodging        | 3 4 5 6 7 8 9 10 11 12 13 14 15 16 | 16.0
Conjurations   | 1 2 3 4 5 6 7 8 9 10 11 12 13 | 13.4
Hexes          | 1 2 3 4 5 6 7 8 9 10 11 12 13 | 13.4
Summonings     | 1 2 3 4 5 6 7 8 9 10 11 12 13 | 13.4
Necromancy     | 1 2 3 4 5 6 7 8 9 10 11 12 13 | 13.4
Translocations | 1 2 3 4 5 6 7 8 9 10 11 12 13 | 13.4
Transmutations | 1 2 3 4 5 6 7 8 9 10 11 12 13 | 13.4
Fire Magic     | 1 2 3 4 5 6 7 8 9 10 11 12 13 | 13.4
Ice Magic      | 1 2 3 4 5 6 8 9 10 12 13 14 15 16 17 | 17.5
Air Magic      | 1 2 3 4 5 6 7 8 9 10 11 12 13 | 13.4
Earth Magic    | 1 2 3 4 5 6 7 8 9 10 11 12 13 | 13.4
Poison Magic   | 1 2 3 4 5 6 7 8 9 10 11 12 13 | 13.4
Shapeshifting  | 1 2 3 4 5 6 7 8 9 10 11 12 13 14 | 14.6
Stealth        | 3 4 5 6 7 8 9 10 11 12 13 14 15 16 | 16.0
Armour         | 5 6 7 8 9 10 11 12 13 14 15 16 17 | 17.1
Evocations     | 7 8 9 10 11 12 13 14 15 16 17 | 17.0

Action                     |  1- 3 |  4- 6 |  7- 9 | 10-12 | 13-15 | 16-18 | 19-21 | 22-24 || total
---------------------------+-------+-------+-------+-------+-------+-------+-------+-------++-------
  Melee: Club              |   201 |   183 |   139 |       |       |       |       |       ||   523
         Bite              |    16 |    31 |    27 |    73 |   178 |   173 |   184 |   102 ||   784
         Punch             |     1 |     5 |     6 |     3 |       |       |       |       ||    15
         Flail             |       |       |    68 |       |       |       |       |       ||    68
         Hand axe          |       |       |     4 |   430 |   937 |   393 |       |       ||  1764
         Long sword        |       |       |       |       |       |   313 |       |       ||   313
         Demon blade       |       |       |       |       |       |   301 |   962 |   497 ||  1760
   Cast: Tukima's Dance    |       |       |       |       |     4 |     5 |       |       ||     9
         Irradiate         |       |       |       |       |     3 |    30 |    26 |    18 ||    77
         Borgnjor's Vile C |       |       |       |       |     1 |    36 |    17 |     2 ||    56
         Lee's Rapid Decon |       |       |       |       |       |     2 |       |       ||     2
 Invoke: Ancestor Life: Ba |       |       |     1 |       |       |       |       |       ||     1
         Recall Ancestor   |       |       |       |     1 |     5 |     5 |     2 |     2 ||    15
  Evoke: Wand              |     6 |     6 |    12 |    12 |    37 |     4 |     1 |       ||    78
         Phial of floods   |       |       |       |     1 |       |       |       |       ||     1
    Use: Scroll            |       |    12 |     3 |     6 |    14 |    14 |     4 |     2 ||    55
         Potion            |       |       |       |       |     1 |     1 |     1 |     3 ||     6
   Stab: Sleeping          |     6 |       |     4 |    16 |    18 |    19 |    16 |     6 ||    85
         Distracted        |       |       |     2 |    12 |    28 |    29 |    34 |    11 ||   116
         Confused          |       |       |       |     1 |       |       |       |       ||     1
 Armour: Leather armour    |    63 |       |       |       |       |       |       |       ||    63
         Ring mail         |    20 |    96 |   108 |   100 |   288 |   268 |   152 |       ||  1032
         Skin              |       |       |       |       |       |       |   154 |   242 ||   396
  Dodge: Dodged            |   152 |   115 |   156 |   184 |   394 |   399 |   447 |   368 ||  2215
  Block: Other             |       |       |    24 |    15 |       |       |       |       ||    39
         Kite shield       |       |       |       |   390 |  1020 |  1012 |   992 |   693 ||  4107
         Reflection        |       |       |       |    15 |    15 |   113 |    50 |     8 ||   201
   Form: Statue            |       |       |       |       |       |       |     1 |       ||     1

Table legend: (Time is in decaauts)
 A = Elapsed time spent in this place.
 B = Non-inter-level travel time spent in this place.
 C = Inter-level travel time spent in this place.
 D = Time resting spent in this place.
 E = Time spent auto-exploring this place.
 F = Levels seen in this place.
 G = Mean time per level.
                   A        B        C        D        E       F      G
               +--------+--------+--------+--------+--------+-----+--------+
         Total |  48162 |  44632 |   3530 |   8293 |  24453 |  41 | 1174.7 |
       Dungeon |  16221 |  14400 |   1821 |   1706 |   9429 |  15 | 1081.4 |
          Lair |   6070 |   5542 |    528 |    973 |   3052 |   5 | 1214.0 |
        Shoals |   3773 |   3655 |    118 |    126 |   2483 |   4 |  943.2 |
     Snake Pit |   5239 |   4974 |    265 |   1211 |   2448 |   4 | 1309.8 |
  Orcish Mines |   1820 |   1608 |    212 |    640 |    688 |   2 |  910.0 |
   Elven Halls |    285 |    284 |      1 |    166 |     58 |   1 |  285.0 |
        Vaults |   7408 |   6896 |    512 |    260 |   4459 |   4 | 1852.0 |
         Crypt |   1603 |   1533 |     70 |    325 |    885 |   1 | 1603.0 |
         Sewer |    395 |    395 |      0 |      0 |     97 |   1 |  395.0 |
      Ice Cave |   1381 |   1381 |      0 |    925 |     75 |   1 | 1381.0 |
        Wizlab |   1833 |   1833 |      0 |   1059 |    322 |   1 | 1833.0 |
    Desolation |   1151 |   1151 |      0 |    292 |    315 |   1 | 1151.0 |
      Gauntlet |    978 |    978 |      0 |    608 |    140 |   1 |  978.0 |
               +--------+--------+--------+--------+--------+-----+--------+

Top non-repeatable levels by time:
Vaults:3: 2056 daAuts
Vaults:1: 2002 daAuts
Vaults:4: 1959 daAuts
    D:13: 1897 daAuts
  WizLab: 1833 daAuts
  Lair:5: 1794 daAuts
 Snake:4: 1689 daAuts
     D:7: 1622 daAuts
 Crypt:1: 1603 daAuts
     D:1: 1574 daAuts
 Snake:1: 1526 daAuts
     D:9: 1502 daAuts
Vaults:2: 1389 daAuts
   IceCv: 1381 daAuts
    D:11: 1264 daAuts
